 Dungeon Crawl Stone Soup version 0.29-a0-719-g0fec994a2d (webtiles) character file.

Game seed: 2595796702285323303

11 Vlad6379123 the Shield-Bearer (level 2, -3/27 HPs)
             Began as a Minotaur Fighter on June 27, 2022.
             Slain by a gnoll
             ... wielding a +0 whip
              (5 damage)
             ... on level 1 of the Dungeon.
             The game lasted 00:08:47 (1184 turns).

Vlad6379123 the Shield-Bearer (Minotaur Fighter)    Turns: 1184, Time: 00:08:48

Health: -3/27      AC:  7    Str: 20    XL:     2   Next: 13%
Magic:  1/1        EV:  9    Int:  5    God:
Gold:   15         SH:  4    Dex:  9    Spells: 1/1 levels left

rFire   . . .      SeeInvis .   a - +0 long sword
rCold   . . .      Faith    .   c - +0 buckler
rNeg    . . .      Spirit   .   b - +0 scale mail
rPois   .          Reflect  .   (helmet restricted)
rElec   .          Harm     .   (no cloak)
rCorr   .          Rampage  .   (no gloves)
Will    .....                   (no boots)
Stlth   ..........              (no amulet)
HPRegen 0.09/turn               (no ring)
MPRegen 0.07/turn               (no ring)

@: lethally poisoned (-3 -> -17)
A: horns 2, retaliatory headbutt
a: no special abilities


You were on level 1 of the Dungeon.
You visited 1 branch of the dungeon, and saw 1 of its levels.

You collected 15 gold pieces.

Inventory:

Hand Weapons
 a - a +0 long sword (weapon)
Armour
 b - a +0 scale mail (worn)
 c - a +0 buckler (worn)
Potions
 d - a potion of might
 e - a potion of attraction {unknown}


   Skills:
 + Level 3.7 Fighting
 + Level 2.5 Long Blades
 + Level 3.9 Armour
 + Level 4.0 Shields


You had one spell level left.
You didn't know any spells.
Your spell library was empty.

Dungeon Overview and Level Annotations

Branches:
Dungeon (1/15)

Altars:

Shops:
D:1 !


Innate Abilities, Weirdness & Mutations

You have a pair of horns on your head.
You reflexively headbutt those who attack you in melee.


Message History

The goblin shouts!
The goblin moves out of view.
A gnoll comes into view. It is wielding a +0 whip.
The gnoll shouts!
You hear a shout!
A bat comes into view.
The goblin hits you but does no damage.
You are poisoned.
Found a spear and a scroll labelled BAMYUCLYNOO.
You feel very sick. You block the bat's attack.
A goblin comes into view. It is wielding a +0 dagger.
The goblin hits you but does no damage.
You are more poisoned.
You feel very sick. The bat hits you but does no damage.
A dart slug comes into view.
The goblin hits you but does no damage.
You are more poisoned.
You feel very sick. The bat hits you but does no damage.
The goblin attacks as you move away! The goblin barely misses you.
You feel very sick. The bat hits you but does no damage.
You feel very sick. The bat closely misses you.
The dart slug launches a dart at you. The slug dart hits you. The bat hits you.
You block the goblin's attack. The gnoll closely misses you.
The gnoll attacks as you move away! The gnoll hits you with a +0 whip.
* * * LOW HITPOINT WARNING * * *
x2 You feel sick.
The bat hits you but does no damage. The goblin hits you but does no damage.
You are more poisoned.
The goblin attacks as you move away! The goblin hits you but does no damage.
You are more poisoned.
* * * LOW HITPOINT WARNING * * *
You feel very sick. The bat hits you but does no damage.
The goblin barely misses you. The gnoll attacks as you move away!
The gnoll hits you with a +0 whip.
You die...

#.).# ###### #...#
########....# #...#
#.........#.# #...#
#.........#.## #...#
#.........#... ##..b#
#.........#..#
#...g####.........#..#
+...g@......>###'#)..#
#...g.######.# #)#..##
#.....# #.# #.#..#
#.w.#.# #.# #.#..#
#...#.# #.# #.#..#
#...#+# #.# #.#..#
#.... #.# #.#..##
..?.. #.###.#....
#.....#.###


You could see a gnoll, a dart slug, 2 goblins and a bat.

Vanquished Creatures
  An endoplasm (D:1)
  A giant cockroach (D:1)
  2 goblins (D:1)
  A hobgoblin (D:1)
  4 bats (D:1)
  A rat (D:1)
10 creatures vanquished.

Notes
Turn   | Place    | Note
-------+----------+-------------------------------------------
     0 | D:1      | Vlad6379123 the Minotaur Fighter began the quest for the
                  | Orb.
     0 | D:1      | Reached XP level 1. HP: 19/19 MP: 0/0
   674 | D:1      | Found Tuhelux's Distillery.
  1115 | D:1      | Reached skill level 4 in Shields
  1130 | D:1      | Reached XP level 2. HP: 25/27 MP: 1/1
  1184 | D:1      | Slain by a gnoll

Illustrated notes

Levels and vault maps discovered:
D:1:      nicolae_arrival_memento_mori, layout_basic, serial_shops, shop,
          nicolae_shop_competitors_out_of_business, nicolae_square_shop, shop

Skill      XL: |  1 |
---------------+----+-----
Shields        | 4 |  4.0
Fighting       | |  3.7
Long Blades    | |  2.5
Armour         | |  3.9

Action                   || total
-------------------------++-------
Melee: Long sword        ||    26
       Headbutt          ||     3
Armor: Scale mail        ||    44
Dodge: Dodged            ||    43
Block: Buckler           ||    18

Table legend: (Time is in decaauts)
 A = Elapsed time spent in this place.
 B = Non-inter-level travel time spent in this place.
 C = Inter-level travel time spent in this place.
 D = Time resting spent in this place.
 E = Time spent auto-exploring this place.
 F = Levels seen in this place.
 G = Mean time per level.
                   A        B        C        D        E       F      G
               +--------+--------+--------+--------+--------+-----+--------+
         Total |   1192 |   1176 |     16 |    896 |      0 |   1 | 1192.0 |
       Dungeon |   1192 |   1176 |     16 |    896 |      0 |   1 | 1192.0 |
               +--------+--------+--------+--------+--------+-----+--------+

Top non-repeatable levels by time:
     D:1: 1192 daAuts
